[ AOE2 MATCH · #474598573 ]
UnrankedSpanish vs Aztecs
Player's team · LOSS
[ REPLAY ANALYSIS · EXTRACTED FROM THE RECORDED GAME ]
Feudal
21:58
Castle
45:21
Imperial
70:53
| APM avg | 17.2 |
| APM peak | 88 |
| eAPM avg | 7.4 |
| Villagers / military | 103 / 123 |
Focus
⚔️ 19.7% · 🌾 80.3%
Fire Galley ×45 · Militia ×37 · Mangonel ×24 · Missionary ×5 · Battering Ram ×5 · Scorpion ×5
Feudal
13:16
Castle
27:39
Imperial
41:56
| APM avg | 22.6 |
| APM peak | 78 |
| eAPM avg | 13.3 |
| Villagers / military | 155 / 398 |
Focus
⚔️ 50.1% · 🌾 49.9%
Jaguar Warrior ×134 · Archer ×85 · Unknown (2626) ×43 · Galley ×41 · Unknown (2633) ×38 · Fire Galley ×32
Feudal
22:14
Castle
45:03
Imperial
61:51
| APM avg | 10.3 |
| APM peak | 47 |
| eAPM avg | 4.7 |
| Villagers / military | 77 / 188 |
Focus
⚔️ 58.2% · 🌾 41.8%
Longboat ×52 · Cannon Galleon ×30 · Berserk ×23 · Fishing Ship ×18 · Galley ×18 · Spearman ×15
Match map
Initial resources + every placement click. Lines = walls · curves = elevation contours. ◆ gold · ⬟ stone · ● berries · ✦ relic · ◌ wall gap
Your base· Open — 5t gap
Dr_Peste's base· Open — unwalled flank
guenzo's base· Open — 3t gap
Smoothed initial terrain · ◌ = detected wall gap · hover for details
Inputs per minute
— Lagartixa_acesa - - Dr_Peste
Build order — Lagartixa_acesa
First 150 of 391 actions detected
| 2:18 | Create | Villager (Male) |
| 2:18 | Create | Villager (Male) |
| 2:19 | Create | Villager (Male) |
| 2:19 | Create | Villager (Male) |
| 2:19 | Create | Villager (Male) |
| 3:03 | Build | House |
| 4:08 | Build | House |
| 4:31 | Create | Villager (Male) |
| 5:16 | Build | Mill |
| 6:11 | Build | Farm |
| 6:41 | Create | Villager (Male) |
| 6:42 | Create | Villager (Male) |
| 8:42 | Create | Villager (Male) |
| 8:43 | Create | Villager (Male) |
| 9:36 | Build | Mining Camp |
| 10:01 | Build | Barracks |
| 10:49 | Build | House |
| 11:07 | Build | House |
| 11:11 | Build | House |
| 12:28 | Build | House |
| 12:37 | Build | House |
| 12:43 | Build | House |
| 12:47 | Create | Villager (Male) |
| 12:47 | Create | Villager (Male) |
| 12:47 | Create | Villager (Male) |
| 12:47 | Create | Villager (Male) |
| 13:26 | Build | House |
| 13:36 | Build | House |
| 19:48 | Research | Feudal Age |
| 21:58 | Age | Feudal Age |
| 22:12 | Create | Villager (Male) |
| 22:13 | Create | Villager (Male) |
| 22:13 | Create | Villager (Male) |
| 22:13 | Create | Villager (Male) |
| 22:13 | Create | Villager (Male) |
| 22:13 | Create | Villager (Male) |
| 22:14 | Create | Villager (Male) |
| 22:14 | Create | Villager (Male) |
| 23:23 | Build | Farm |
| 23:31 | Build | Farm |
| 23:45 | Build | Farm |
| 24:37 | Research | Loom |
| 25:33 | Build | Farm |
| 27:31 | Research | Town Watch |
| 28:28 | Build | Stable |
| 29:49 | Build | Watch Tower |
| 34:29 | Create | Villager (Male) |
| 35:48 | Build | Blacksmith |
| 35:52 | Create | Villager (Male) |
| 36:42 | Build | Dock |
| 37:09 | Build | Farm |
| 37:34 | Create | Spearman |
| 37:34 | Create | Spearman |
| 38:03 | Create | Fishing Ship |
| 40:07 | Create | Fishing Ship |
| 40:20 | Create | Fishing Ship |
| 40:26 | Create | Fishing Ship |
| 42:41 | Research | Castle Age |
| 44:04 | Create | Fire Galley |
| 45:21 | Age | Castle Age |
| 45:36 | Create | Villager (Male) |
| 45:36 | Create | Villager (Male) |
| 45:36 | Create | Villager (Male) |
| 45:36 | Create | Villager (Male) |
| 45:37 | Create | Villager (Male) |
| 45:37 | Create | Villager (Male) |
| 45:38 | Create | Villager (Male) |
| 45:38 | Create | Villager (Male) |
| 47:08 | Build | Town Center |
| 48:41 | Create | Fire Galley |
| 48:42 | Create | Fire Galley |
| 48:42 | Create | Fire Galley |
| 50:58 | Create | Fire Galley |
| 50:58 | Create | Fire Galley |
| 51:39 | Create | Fire Galley |
| 51:39 | Create | Fire Galley |
| 51:39 | Create | Fire Galley |
| 51:40 | Create | Fire Galley |
| 52:42 | Build | Dock |
| 52:51 | Build | Farm |
| 53:00 | Create | Fire Galley |
| 53:00 | Create | Fire Galley |
| 53:00 | Create | Fire Galley |
| 53:52 | Create | Fire Galley |
| 53:53 | Create | Fire Galley |
| 54:10 | Build | Dock |
| 54:18 | Create | Fire Galley |
| 54:45 | Build | Mill |
| 55:22 | Build | Outpost |
| 55:38 | Build | Watch Tower |
| 55:48 | Build | Watch Tower |
| 55:56 | Build | Watch Tower |
| 56:38 | Research | Scale Mail Armor |
| 56:40 | Research | Forging |
| 56:41 | Research | Fletching |
| 56:42 | Research | Padded Archer Armor |
| 56:43 | Research | Scale Barding Armor |
| 57:00 | Research | War Galley (upgrade) |
| 57:07 | Create | Fire Galley |
| 57:07 | Create | Fire Galley |
| 57:09 | Create | Fire Galley |
| 57:38 | Create | Fire Galley |
| 57:38 | Create | Fire Galley |
| 57:41 | Create | Fire Galley |
| 57:41 | Create | Fire Galley |
| 57:41 | Create | Fire Galley |
| 57:44 | Create | Fire Galley |
| 58:18 | Build | Market |
| 58:37 | Build | University |
| 59:15 | Build | Stone Wall |
| 59:59 | Research | Guard Tower (upgrade) |
| 60:06 | Research | Tech 909 |
| 60:08 | Research | Murder Holes |
| 60:12 | Research | Careening |
| 63:51 | Research | Tech 905 |
| 64:18 | Create | Fire Galley |
| 64:20 | Create | Fire Galley |
| 64:21 | Create | Fire Galley |
| 65:48 | Research | Wheelbarrow |
| 65:49 | Research | Town Patrol |
| 66:24 | Build | Monastery |
| 66:44 | Research | Tech 908 |
| 66:45 | Research | Fortified Wall (upgrade) |
| 67:35 | Research | Imperial Age |
| 69:12 | Research | Masonry |
| 69:48 | Build | Stone Wall |
| 70:00 | Create | Fire Galley |
| 70:00 | Create | Fire Galley |
| 70:00 | Create | Fire Galley |
| 70:01 | Create | Fire Galley |
| 70:01 | Create | Fire Galley |
| 70:53 | Age | Imperial Age |
| 72:59 | Build | Farm |
| 72:59 | Build | Farm |
| 76:43 | Create | Fire Galley |
| 76:44 | Create | Fire Galley |
| 76:45 | Create | Fire Galley |
| 76:45 | Create | Fire Galley |
| 76:45 | Create | Fire Galley |
| 76:46 | Create | Fire Galley |
| 76:46 | Create | Fire Galley |
| 76:48 | Create | Fire Galley |
| 76:49 | Create | Fire Galley |
| 76:49 | Create | Fire Galley |
| 76:49 | Create | Fire Galley |
| 76:49 | Create | Fire Galley |
| 78:00 | Build | Gate |
| 79:15 | Research | Hand Cart |
| 79:49 | Build | Barracks |
| 80:49 | Build | Siege Workshop |
Build order — Dr_Peste
First 150 of 856 actions detected
| 0:05 | Create | Villager (Male) |
| 0:05 | Research | Loom |
| 0:10 | Build | House |
| 1:01 | Build | Mill |
| 1:11 | Create | Villager (Male) |
| 1:11 | Create | Villager (Male) |
| 1:12 | Create | Villager (Male) |
| 2:49 | Create | Villager (Male) |
| 2:50 | Create | Villager (Male) |
| 4:46 | Build | House |
| 6:19 | Create | Villager (Male) |
| 6:19 | Create | Villager (Male) |
| 6:19 | Create | Villager (Male) |
| 6:20 | Create | Villager (Male) |
| 6:20 | Create | Villager (Male) |
| 6:20 | Create | Villager (Male) |
| 6:21 | Create | Villager (Male) |
| 6:21 | Create | Villager (Male) |
| 8:36 | Build | Lumber Camp |
| 8:52 | Build | Farm |
| 9:23 | Build | House |
| 9:31 | Build | House |
| 11:06 | Research | Feudal Age |
| 11:15 | Build | Farm |
| 11:22 | Build | Farm |
| 11:35 | Create | Villager (Male) |
| 11:35 | Create | Villager (Male) |
| 11:36 | Create | Villager (Male) |
| 13:16 | Age | Feudal Age |
| 13:20 | Research | Wheelbarrow |
| 13:21 | Research | Town Watch |
| 13:43 | Create | Villager (Male) |
| 13:52 | Build | Farm |
| 14:38 | Build | Dock |
| 14:58 | Build | House |
| 15:19 | Research | Horse Collar |
| 15:22 | Research | Double-Bit Axe |
| 15:43 | Build | Farm |
| 15:48 | Build | Farm |
| 15:53 | Build | Farm |
| 16:06 | Build | House |
| 16:23 | Create | Fishing Ship |
| 16:24 | Create | Fishing Ship |
| 16:26 | Research | Tech 906 |
| 16:43 | Build | Farm |
| 18:04 | Create | Villager (Male) |
| 18:05 | Create | Villager (Male) |
| 18:06 | Create | Villager (Male) |
| 18:06 | Create | Villager (Male) |
| 18:06 | Create | Villager (Male) |
| 18:06 | Create | Villager (Male) |
| 18:07 | Create | Villager (Male) |
| 18:07 | Create | Villager (Male) |
| 18:07 | Create | Villager (Male) |
| 18:07 | Create | Villager (Male) |
| 18:45 | Build | Farm |
| 19:22 | Build | Blacksmith |
| 19:35 | Build | Barracks |
| 20:36 | Build | Mining Camp |
| 21:12 | Build | Mining Camp |
| 22:15 | Build | Archery Range |
| 22:29 | Create | Villager (Male) |
| 22:29 | Create | Villager (Male) |
| 22:29 | Create | Villager (Male) |
| 22:30 | Create | Villager (Male) |
| 22:30 | Create | Villager (Male) |
| 22:30 | Create | Villager (Male) |
| 22:37 | Research | Stone Mining |
| 22:38 | Research | Gold Mining |
| 23:19 | Build | House |
| 23:41 | Build | Market |
| 23:49 | Research | Castle Age |
| 23:57 | Build | House |
| 24:05 | Build | House |
| 24:29 | Build | Mining Camp |
| 24:37 | Create | Fishing Ship |
| 24:37 | Create | Fishing Ship |
| 24:37 | Create | Fishing Ship |
| 25:05 | Research | Arson |
| 25:05 | Research | Arson |
| 25:10 | Create | Archer |
| 25:10 | Create | Archer |
| 25:11 | Create | Archer |
| 25:11 | Create | Archer |
| 25:11 | Create | Archer |
| 25:56 | Build | House |
| 26:01 | Build | House |
| 26:04 | Build | House |
| 27:27 | Build | House |
| 27:39 | Create | Archer |
| 27:39 | Create | Archer |
| 27:39 | Age | Castle Age |
| 27:39 | Create | Archer |
| 27:39 | Create | Archer |
| 27:40 | Create | Archer |
| 27:40 | Create | Archer |
| 27:40 | Create | Archer |
| 29:00 | Build | Farm |
| 29:06 | Build | Farm |
| 29:09 | Research | Heavy Plow |
| 29:15 | Research | Bow Saw |
| 29:27 | Create | Villager (Male) |
| 29:28 | Create | Villager (Male) |
| 29:28 | Create | Villager (Male) |
| 29:28 | Create | Villager (Male) |
| 29:28 | Create | Villager (Male) |
| 29:29 | Create | Villager (Male) |
| 29:29 | Create | Villager (Male) |
| 29:33 | Research | Hand Cart |
| 29:33 | Research | Town Patrol |
| 30:33 | Build | Farm |
| 31:09 | Research | Gillnets |
| 31:53 | Research | Pikeman (upgrade) |
| 31:53 | Research | Squires |
| 31:53 | Research | Gambesons |
| 31:54 | Research | Man-at-Arms (upgrade) |
| 32:21 | Build | Castle |
| 32:44 | Build | Siege Workshop |
| 32:59 | Research | Gold Shaft Mining |
| 32:59 | Research | Stone Shaft Mining |
| 33:09 | Create | Villager (Male) |
| 33:09 | Create | Villager (Male) |
| 33:10 | Create | Villager (Male) |
| 33:11 | Create | Villager (Male) |
| 33:11 | Create | Villager (Male) |
| 33:11 | Create | Villager (Male) |
| 33:11 | Create | Villager (Male) |
| 33:17 | Create | Fishing Ship |
| 33:17 | Create | Fishing Ship |
| 33:17 | Create | Fishing Ship |
| 33:17 | Create | Fishing Ship |
| 33:17 | Create | Fishing Ship |
| 35:32 | Build | Town Center |
| 35:54 | Build | Farm |
| 36:16 | Build | Lumber Camp |
| 36:51 | Build | Town Center |
| 38:15 | Build | Farm |
| 38:18 | Build | Farm |
| 38:23 | Build | Farm |
| 38:28 | Build | Farm |
| 38:46 | Research | Imperial Age |
| 40:41 | Create | Villager (Male) |
| 40:42 | Create | Villager (Male) |
| 40:42 | Create | Villager (Male) |
| 40:42 | Create | Villager (Male) |
| 41:21 | Research | Crossbowman (upgrade) |
| 41:22 | Research | Long Swordsman (upgrade) |
| 41:25 | Create | Archer |
| 41:25 | Create | Archer |
| 41:25 | Create | Archer |
Build order — guenzo
First 150 of 442 actions detected
| 4:20 | Create | Villager (Male) |
| 4:20 | Create | Villager (Male) |
| 4:21 | Create | Villager (Male) |
| 4:21 | Create | Villager (Male) |
| 4:26 | Create | Villager (Male) |
| 5:13 | Build | House |
| 5:21 | Build | House |
| 6:57 | Build | Dock |
| 7:31 | Build | Mill |
| 7:46 | Create | Villager (Male) |
| 8:16 | Build | Farm |
| 11:24 | Create | Villager (Male) |
| 11:24 | Create | Villager (Male) |
| 11:25 | Create | Villager (Male) |
| 13:58 | Create | Fishing Ship |
| 15:16 | Create | Villager (Male) |
| 15:17 | Create | Villager (Male) |
| 15:18 | Create | Villager (Male) |
| 16:50 | Build | House |
| 17:06 | Build | House |
| 17:19 | Create | Fishing Ship |
| 18:36 | Create | Fishing Ship |
| 20:04 | Research | Feudal Age |
| 20:38 | Build | Lumber Camp |
| 20:52 | Create | Villager (Male) |
| 20:56 | Research | Loom |
| 21:34 | Create | Villager (Male) |
| 21:34 | Create | Villager (Male) |
| 21:35 | Create | Villager (Male) |
| 22:14 | Age | Feudal Age |
| 22:24 | Build | Barracks |
| 22:35 | Create | Villager (Male) |
| 24:32 | Build | House |
| 25:05 | Create | Spearman |
| 25:06 | Create | Spearman |
| 25:07 | Create | Spearman |
| 25:08 | Create | Spearman |
| 25:32 | Build | Mining Camp |
| 26:44 | Research | Tech 906 |
| 26:46 | Create | Fishing Ship |
| 26:48 | Create | Fishing Ship |
| 27:26 | Build | Lumber Camp |
| 28:54 | Create | Villager (Male) |
| 28:55 | Create | Villager (Male) |
| 29:22 | Build | House |
| 30:38 | Build | Mining Camp |
| 30:59 | Build | House |
| 31:06 | Create | Militia |
| 31:08 | Create | Militia |
| 31:08 | Create | Militia |
| 31:10 | Create | Militia |
| 31:26 | Research | Town Watch |
| 33:31 | Build | Blacksmith |
| 34:02 | Create | Villager (Male) |
| 34:03 | Create | Villager (Male) |
| 34:03 | Create | Villager (Male) |
| 34:03 | Create | Villager (Male) |
| 34:03 | Create | Villager (Male) |
| 34:04 | Create | Villager (Male) |
| 34:55 | Research | Padded Archer Armor |
| 34:56 | Research | Forging |
| 34:57 | Research | Fletching |
| 35:56 | Build | Archery Range |
| 36:32 | Build | Farm |
| 36:40 | Build | Farm |
| 36:59 | Build | Dock |
| 37:27 | Build | Stable |
| 37:46 | Build | House |
| 38:42 | Build | House |
| 40:18 | Build | House |
| 40:27 | Build | House |
| 40:34 | Build | House |
| 41:28 | Build | Lumber Camp |
| 41:45 | Build | Watch Tower |
| 42:14 | Build | Market |
| 42:23 | Research | Castle Age |
| 42:36 | Build | House |
| 42:41 | Create | Villager (Male) |
| 42:42 | Create | Villager (Male) |
| 42:42 | Create | Villager (Male) |
| 42:42 | Create | Villager (Male) |
| 43:04 | Build | Mining Camp |
| 43:14 | Build | Mining Camp |
| 43:45 | Build | Dock |
| 43:59 | Create | Fire Galley |
| 44:04 | Create | Fire Galley |
| 44:19 | Create | Villager (Male) |
| 44:19 | Create | Villager (Male) |
| 44:20 | Create | Villager (Male) |
| 44:20 | Create | Villager (Male) |
| 44:59 | Build | Lumber Camp |
| 45:03 | Age | Castle Age |
| 45:18 | Research | War Galley (upgrade) |
| 45:57 | Create | Cavalry Archer |
| 45:58 | Create | Cavalry Archer |
| 45:59 | Create | Cavalry Archer |
| 46:07 | Research | Crossbowman (upgrade) |
| 46:11 | Create | Skirmisher |
| 47:33 | Create | Fishing Ship |
| 47:34 | Create | Fishing Ship |
| 48:17 | Build | Lumber Camp |
| 50:43 | Build | Town Center |
| 52:55 | Research | Town Patrol |
| 52:56 | Create | Villager (Male) |
| 52:57 | Create | Villager (Male) |
| 52:58 | Create | Villager (Male) |
| 53:07 | Build | University |
| 53:21 | Build | Monastery |
| 54:41 | Build | Lumber Camp |
| 54:50 | Build | Farm |
| 55:00 | Build | Farm |
| 55:34 | Build | Siege Workshop |
| 56:06 | Research | Elite Skirmisher (upgrade) |
| 56:12 | Research | Arson |
| 56:23 | Research | Light Cavalry (upgrade) |
| 57:56 | Build | Dock |
| 58:09 | Build | Farm |
| 58:41 | Research | Imperial Age |
| 59:07 | Build | Lumber Camp |
| 59:22 | Build | House |
| 59:32 | Build | House |
| 60:22 | Research | Gillnets |
| 60:46 | Create | Fire Galley |
| 60:47 | Create | Unit 2626 |
| 61:19 | Build | Mining Camp |
| 61:51 | Age | Imperial Age |
| 62:08 | Create | Villager (Male) |
| 62:08 | Create | Villager (Male) |
| 62:09 | Create | Villager (Male) |
| 62:09 | Create | Villager (Male) |
| 62:09 | Create | Villager (Male) |
| 62:10 | Create | Villager (Male) |
| 62:10 | Create | Villager (Male) |
| 62:10 | Create | Villager (Male) |
| 62:11 | Create | Villager (Male) |
| 62:11 | Create | Villager (Male) |
| 62:18 | Research | Galleon (upgrade) |
| 63:36 | Create | Fishing Ship |
| 63:36 | Create | Fishing Ship |
| 63:36 | Create | Fishing Ship |
| 64:13 | Build | Wonder |
| 66:26 | Research | Tech 909 |
| 66:36 | Research | Chemistry |
| 67:03 | Build | Castle |
| 67:43 | Create | Unit 1105 |
| 67:46 | Research | Heavy Scorpion (upgrade) |
| 69:28 | Build | Barracks |
| 69:59 | Research | Elite Cannon Galleon (upgrade) |
| 70:32 | Build | Mining Camp |
| 70:52 | Build | Castle |
Match timeline
| 6:57 | guenzo · first_building Dock |
| 10:01 | Lagartixa_acesa · first_building Barracks |
| 13:16 | Dr_Peste · age_up feudal |
| 14:38 | Dr_Peste · first_building Dock |
| 19:35 | Dr_Peste · first_building Barracks |
| 21:58 | Lagartixa_acesa · age_up feudal |
| 22:14 | guenzo · age_up feudal |
| 22:15 | Dr_Peste · first_building Archery Range |
| 22:24 | guenzo · first_building Barracks |
| 27:39 | Dr_Peste · age_up castle |
| 28:28 | Lagartixa_acesa · first_building Stable |
| 32:21 | Dr_Peste · first_building Castle |
| 32:44 | Dr_Peste · first_building Siege Workshop |
| 35:56 | guenzo · first_building Archery Range |
| 36:42 | Lagartixa_acesa · first_building Dock |
| 37:27 | guenzo · first_building Stable |
| 41:56 | Dr_Peste · age_up imperial |
| 43:34 | Dr_Peste · first_building Monastery |
| 45:03 | guenzo · age_up castle |
| 45:21 | Lagartixa_acesa · age_up castle |
| 47:57 | Dr_Peste · wall_segment Stone Wall x10 |
| 53:21 | guenzo · first_building Monastery |
| 55:34 | guenzo · first_building Siege Workshop |
| 59:15 | Lagartixa_acesa · wall_segment Stone Wall x11 |
| 59:37 | Lagartixa_acesa · first_market_sell 100 food |
| 61:51 | guenzo · age_up imperial |
| 66:24 | Lagartixa_acesa · first_building Monastery |
| 67:03 | guenzo · first_building Castle |
| 69:48 | Lagartixa_acesa · wall_segment Stone Wall x3 |
| 70:53 | Lagartixa_acesa · age_up imperial |
| 80:49 | Lagartixa_acesa · first_building Siege Workshop |
| 108:40 | Lagartixa_acesa · wall_segment Stone Wall x16 |
| 129:48 | Lagartixa_acesa · wall_segment Stone Wall x6 |
| 130:49 | Lagartixa_acesa · wall_segment Stone Wall x4 |
| 131:27 | Lagartixa_acesa · wall_segment Stone Wall x8 |
| 135:19 | Dr_Peste · wall_segment Stone Wall x10 |
| 135:46 | Lagartixa_acesa · first_building Archery Range |
| 142:35 | Lagartixa_acesa · wall_segment Stone Wall x8 |
| 144:14 | Lagartixa_acesa · wall_segment Stone Wall x7 |
| 153:23 | Dr_Peste · wall_segment Stone Wall x20 |
| 156:19 | Lagartixa_acesa · resign |
[ AI ANALYSIS · 1 CREDIT ]
What really happened in this match?
Wolo.gg analyzes every decision: build order, eco, micro, common mistakes by bracket. Personalized analysis on WhatsApp or Discord in 30 seconds.
Civ guide
Spanish
Map guide
Amazon
Perfil
Jugador #22936215